 Dungeon Crawl Stone Soup version 0.13-a0-3133-gec0fa00 (webtiles) character file.

10625 PolkaDot the Cloud Mage (level 11, -8/66 HPs)
             Began as a Vampire Wizard on Sept 21, 2013.
             Was the Champion of Sif Muna.
             Mangled by an orc warrior
             ... wielding a +0,+2 orcish trident of venom
              (20 damage)
             ... on Level 12 of the Dungeon.
             The game lasted 01:52:10 (15779 turns).

PolkaDot the Cloud Mage (Vampire Wizard)           Turns: 15779, Time: 01:52:12

HP  -8/66        AC 10     Str  6      XL: 11   Next: 37%
MP  14/37        EV 12     Int 23      God: Sif Muna [******]
Gold 108         SH  0     Dex 12      Spells:  7 memorised,  1 level left

Res.Fire  : + . .   See Invis. : +   e - staff of power
Res.Cold  : + + .   Warding    : .   K - +2 orc robe {rC+} (curse)
Life Prot.: + + +   Conserve   : .   (no shield)
Res.Poison: +       Res.Corr.  : .   b - +1 wizard hat
Res.Elec. : .       Clarity    : .   y - +1 cloak
Sust.Abil.: . .     Spirit.Shd : .   (no gloves)
Res.Mut.  : .       Stasis     : .   o - +2 pair of boots
Res.Rott. : +       Flight     : .   s - amulet of faith
Saprovore : . . .                    L - ring of positive energy {unknown}
                                     v - ring of fire

@: non-regenerating, about to teleport, somewhat resistant to hostile
enchantments, stealthy
A: bottle blood, fangs 3, see invisible, unbreathing
a: Bat Form, Bottle Blood, Channel Energy, Forget Spell, Renounce Religion


You were on level 12 of the Dungeon.
You worshipped Sif Muna.
Sif Muna was exalted by your worship.
You were bloodless.

You visited 2 branches of the dungeon, and saw 13 of its levels.

You collected 648 gold pieces.
You spent 560 gold pieces at shops.

Inventory:

Hand weapons
 a - a +0,+1 orcish short sword of venom
 d - a +2,+1 scythe of dragon slaying
 H - the cursed -1,+2 dagger "Asobocso" (quivered) {drain, rC++}
   (You found it on level 9 of the Dungeon)

   A truly terrible weapon, it drains the life of those it strikes.
   It greatly protects you from cold.
   It has a curse placed upon it.
Armour
 b - a +1 wizard hat (worn)
 o - a +2 pair of boots (worn)
 y - a +1 cloak (worn)
 K - a cursed +2 orcish robe of cold resistance (worn)
Magical devices
 p - a wand of flame (10)
 w - a wand of lightning (3)
 x - a wand of cold (0)
 C - a wand of polymorph (5)
 M - a wand of slowing (11) {unknown}
Scrolls
 i - a scroll of magic mapping
 j - 5 scrolls of remove curse
 k - 3 scrolls of amnesia
 l - a scroll of fog {unknown}
 m - 3 scrolls of teleportation
 u - 3 scrolls of fear
 B - a scroll of immolation
 E - a scroll of recharging {unknown}
 O - a scroll of enchant weapon I {unknown}
Jewellery
 g - an uncursed ring of see invisible {unknown}
 s - an amulet of faith (around neck)
 v - a ring of fire (left hand)
 L - a ring of positive energy (right hand) {unknown}
 N - an uncursed amulet of the gourmand {unknown}
 P - the amulet "Smaomap" {+Rage Dex+5 Int+3, unknown}
   (You found it on level 12 of the Dungeon)

   [amulet of rage]

   It affects your intelligence (+3).
   It affects your dexterity (+5).
Potions
 f - 3 potions of restore abilities
 q - 7 potions of curing
 z - a potion of berserk rage
 I - a potion of resistance {unknown}
 J - 2 potions of decay {unknown}
 Q - a potion of flight {unknown}
 R - a potion of might {unknown}
Books
 c - a book of Minor Magic

   Spells                             Type                      Level
   *Magic Dart                        Conjuration                  1
   *Blink                             Translocation                2
   Call Imp                           Summoning                    2
   Repel Missiles                     Charms/Air                   2
   Slow                               Hexes                        2
   *Conjure Flame                     Conjuration/Fire             3
   *Mephitic Cloud                    Conjuration/Poison/Air       3
 A - a book of Battle

   Spells                             Type                      Level
   Infusion                           Charms                       1
   Shroud of Golubria                 Charms/Translocation         2
   Song of Slaying                    Charms                       2
   Spectral Weapon                    Hexes/Charms                 3
   Regeneration                       Charms/Necromancy            3
   Song of Shielding                  Charms                       4
 D - Sif Muna's Handbook of Fiery Confrontation
   (Sif Muna gifted it to you on level 8 of the Dungeon)

   Spells                             Type                      Level
   Shock                              Conjuration/Air              1
   Fire Brand                         Charms/Fire                  2
   Throw Flame                        Conjuration/Fire             2
   *Searing Ray                       Conjuration                  2
   *Mephitic Cloud                    Conjuration/Poison/Air       3
   *Conjure Flame                     Conjuration/Fire             3
 F - Sif Muna's Incunabulum of Attacks and Lightness
   (Sif Muna gifted it to you on level 9 of the Dungeon)

   Spells                             Type                      Level
   Shock                              Conjuration/Air              1
   Throw Frost                        Conjuration/Ice              2
   Dazzling Spray                     Conjuration/Hexes            3
   Force Lance                        Conjuration                  5
   Conjure Ball Lightning             Conjuration/Air              7
 S - the Grimoire of Poison and Ice
   (You bought it in a shop on level 12 of the Dungeon)

   Spells                             Type                      Level
   Ensorcelled Hibernation            Hexes/Ice                    2
   *Cure Poison                       Poison                       2
   Poison Weapon                      Charms/Poison                3
   Condensation Shield                Ice                          4
   *Olgreb's Toxic Radiance           Poison                       4
   Venom Bolt                         Conjuration/Poison           5
 T - Sif Muna's Grimoire of Attacks and Flight
   (Sif Muna gifted it to you on level 12 of the Dungeon)

   Spells                             Type                      Level
   Throw Flame                        Conjuration/Fire             2
   Static Discharge                   Conjuration/Air              3
   Iskenderun's Mystic Blast          Conjuration                  4
   Lightning Bolt                     Conjuration/Air              5
   Freezing Cloud                     Conjuration/Ice/Air          6
Magical staves
 e - an uncursed staff of power (weapon)
 t - an uncursed staff of air


   Skills:
 - Level 2.1 Dodging
 - Level 3.0 Stealth
 + Level 4.4 Spellcasting
 + Level 6.4 Conjurations
   Level 1.0 Summonings
 - Level 2.5 Translocations
 - Level 8.1 Fire Magic
 + Level 10.5 Air Magic
 + Level 4.0 Poison Magic
 - Level 2.0 Invocations


You had one spell level left.
You knew the following spells:

 Your Spells              Type           Power        Failure   Level  Hunger
a - Magic Dart            Conj           ####         1%          1    None
d - Conjure Flame         Conj/Fire      ######..     1%          3    ##.....
f - Mephitic Cloud        Conj/Pois/Air  #####...     1%          3    ##.....
q - Blink                 Tloc           N/A          6%          2    None
s - Searing Ray           Conj           ####..       1%          2    None
w - Cure Poison           Pois           ###.......   2%          2    None
z - Olgreb's Toxic Radia  Pois           ###.....     21%         4    ####...


Dungeon Overview and Level Annotations

Branches:
Dungeon (12/27)            Temple (1/1) D:4             Orc (0/4) D:8
   Lair (0/8) D:8

Altars:
Ashenzari
Cheibriados
Fedhas
Kikubaaqudgha
Makhleb
Nemelex Xobeh
Okawaru
Sif Muna
Trog
Vehumet
Xom
Yredelemnul
Zin
the Shining One

Shops:
D:7 *   D:9 (*   D:12 +

Annotations:
D:1 Terence
D:5 exclusion: wizard


Innate Abilities, Weirdness & Mutations

You do not heal naturally.
You can bottle blood from corpses.
You have razor-sharp teeth.*
You have supernaturally acute eyesight.
You can survive without breathing.*


Message History

Aim: a warg (moderately wounded)
Okay, then.
Casting: Conjure Flame
Confirm with . or Enter, or press ? or * to list all spells.
Aiming: Mephitic Cloud
Press: ? - help, Shift-Dir - straight line, f - orc warrior, p - warg
Aim: an orc warrior, wielding an orcish long sword and wearing an orcish chain mail (moderately wounded, poisoned)
The beam explodes into a vile cloud!
The stinking cloud engulfs the orc warrior.
The orc warrior is moderately wounded.
The stinking cloud engulfs you!
* * * LOW HITPOINT WARNING * * *
The stinking cloud engulfs the orc warrior.
The orc warrior is almost dead.
The stinking cloud engulfs the orc warrior.
The orc warrior is heavily wounded.
You hear a shout!
The orc warrior is engulfed in noxious fumes.
The orc warrior hits you from afar with a runed orcish trident!
You die...

#.# #.# ##'##
###.##### #.# ### #.#
........# #.# ##.##
#.# ## .##.###.#
###.###...###.## #.
.##.# #.#
##..........#...#####.
.##.# #.#
#.....................
....# #.#
#..≈≈≈≈≈≈≈..≈≈≈≈≈≈≈...
.#### #.#
#..≈######''######≈...
.# #.# ##.≈#@oh.#%.#
#≈.#. .######.#
#.≈#.oh)#..# #≈.#>
........# #.≈#.§o.'§.+
#≈.## #########
#.≈#....#..# #≈...
######### #.≈#:..!#..#
#≈.## ........#
#.≈##############≈.##
#######.#
#.≈≈≈≈≈≈≈≈≈≈≈≈≈≈≈≈..#
##### #.#
#.%.................#
....# #.#
########............#


You could see 3 orc warriors and 2 wargs.

Vanquished Creatures
  Nergalle (D:10)
  Joseph (D:9)
  An unseen horror (D:12)
  A hill giant (D:10)
  Maurice (D:8)
  A cyclops (D:12)
  A draconian (D:8)
  A komodo dragon (D:8)
  3 trolls
  A griffon skeleton (D:12)
  5 yaks (D:9)
  A hippogriff (D:9)
  The ghost of katzbalger the Slasher, an average MiFi (D:4)
  Eustachio (D:5)
  A deep elf fighter (D:8)
  A soldier ant (D:10)
  A necrophage (D:8)
  An orc warrior (D:9)
  A naga (D:8)
  5 ice beasts
  7 sky beasts
  4 ogres
  A black bear (D:7)
  5 centaurs
  3 phantoms (D:7)
  Sigmund (D:6)
  Duvessa (D:7)
  Blork the orc (D:5)
  2 crocodiles
  4 giant frogs
  5 killer bees (D:9)
  2 troll skeletons (D:8)
  A yak skeleton (D:12)
  A goliath beetle (D:7)
  Dowan (D:7)
  5 crimson imps
  A giant frog zombie (D:12)
  A jelly (D:6)
  A centaur zombie (D:8)
  2 soldier ant zombies (D:9)
  A centaur skeleton (D:10)
  A gnoll shaman (D:6)
  7 iguanas
  7 orc wizards
  2 orc priests
  4 scorpions
  11 worker ants
  A killer bee zombie (D:8)
  A hound zombie (D:5)
  A hound skeleton (D:4)
  A worker ant zombie (D:8)
  9 gnolls
  A green rat (D:5)
  2 giant centipedes
  17 adders
  2 giant mites
  A goliath beetle zombie (D:7)
  2 inept feature mimics
  3 worms
  An adder zombie (D:8)
  4 giant eyeballs
  8 giant geckos
  2 oozes
  28 orcs
  5 giant cockroaches
  10 goblins
  17 hobgoblins
  14 jackals
  13 kobolds
  10 quokkas
  3 ball pythons
  20 bats
  A giant gecko skeleton (D:6)
  3 giant newts
  2 giant spores
  A jackal zombie (D:8)
  An orc zombie (D:10)
  17 rats
  6 ballistomycetes
319 creatures vanquished.

Vanquished Creatures (others)
  A killer bee (D:9)
  An orc priest (D:4)
  2 orc wizards (D:4)
  An orc (D:4)
  3 butterflies (D:4)
  A plant (D:8)
9 creatures vanquished.

Grand Total: 328 creatures vanquished

Notes
Turn   | Place    | Note
--------------------------------------------------------------
     0 | D:1      | PolkaDot, the Vampire Wizard, began the quest for the Orb.
     0 | D:1      | Reached XP level 1. HP: 11/11 MP: 6/6
    65 | D:1      | Reached skill level 1 in Conjurations
   339 | D:1      | Reached XP level 2. HP: 17/17 MP: 0/8
  1183 | D:2      | Noticed Terence
  1203 | D:1      | You fall through a shaft!
  1412 | D:2      | Reached XP level 3. HP: 22/22 MP: 3/10
  1521 | D:2      | Learned a level 3 spell: Conjure Flame
  1525 | D:2      | Learned a level 3 spell: Mephitic Cloud
  1542 | D:2      | Found a blossoming altar of Fedhas.
  1993 | D:2      | Reached XP level 4. HP: 24/28 MP: 1/12
  2083 | D:2      | HP: 1/28 [gnoll/flail (8)]
  2986 | D:3      | Reached XP level 5. HP: 33/33 MP: 8/13
  3874 | D:3      | Reached skill level 4 in Conjurations
  3896 | D:4      | Noticed katzbalger's ghost (average MiFi)
  4104 | D:4      | Reached skill level 1 in Air Magic
  4279 | D:4      | Found a staircase to the Ecumenical Temple.
  4289 | Temple   | Entered the Ecumenical Temple
  4527 | Temple   | Became a worshipper of Sif Muna the Loreminder
  4621 | D:5      | Entered Level 5 of the Dungeon
  4643 | D:5      | Reached skill level 1 in Fire Magic
  4643 | D:5      | Reached XP level 6. HP: 39/39 MP: 8/15
  4722 | D:5      | Noticed an ice beast
  4768 | D:5      | Noticed Blork the orc
  5074 | D:5      | Killed Blork the orc
  5707 | D:6      | Acquired Sif Muna's first power
  5707 | D:6      | Reached XP level 7. HP: 44/44 MP: 0/17
  5911 | D:6      | Reached skill level 5 in Conjurations
  6441 | D:6      | Reached skill level 1 in Invocations
  6659 | D:7      | Noticed Sigmund
  6668 | D:7      | Noticed Duvessa
  6827 | D:5      | Noticed Eustachio
  6916 | D:5      | Noticed an ice beast
  6943 | D:5      | Killed an ice beast
  7024 | D:5      | Noticed a centaur
  7064 | D:5      | Killed a centaur
  7064 | D:5      | Acquired Sif Muna's second power
  7064 | D:5      | Reached XP level 8. HP: 36/50 MP: 4/18
  7227 | D:5      | Killed Eustachio
  7305 | D:5      | Found a bloodstained altar of Trog.
  7308 | D:5      | Noticed a wizard
  7409 | D:4      | Learned a level 2 spell: Blink
  7687 | D:4      | Killed katzbalger's ghost
  7687 | D:4      | Reached skill level 1 in Translocations
  7992 | D:4      | Reached skill level 5 in Air Magic
  8103 | D:7      | Noticed Dowan
  8113 | D:6      | Killed Sigmund
  8356 | D:7      | Found a radiant altar of Vehumet.
  8357 | D:7      | Found a glowing golden altar of the Shining One.
  8599 | D:7      | Killed Duvessa
  8599 | D:7      | Reached skill level 5 in Fire Magic
  8709 | D:7      | Found Smiparug's General Store.
  8720 | D:7      | Killed Dowan
  8878 | D:7      | Reached XP level 9. HP: 41/55 MP: 5/19
  8881 | D:7      | Reached skill level 6 in Air Magic
  8992 | D:7      | Acquired Sif Muna's third power
  9858 | D:8      | Paralysed by a giant eyeball for 2 turns
 10184 | D:8      | Noticed Maurice
 10200 | D:8      | Killed Maurice
 10200 | D:8      | Reached skill level 7 in Air Magic
 10262 | D:8      | Noticed a draconian
 10319 | D:8      | Killed a draconian
 10635 | D:8      | Reached XP level 10. HP: 41/61 MP: 1/22
 10880 | D:8      | Reached skill level 8 in Air Magic
 11170 | D:8      | Found a staircase to the Orcish Mines.
 11183 | D:8      | Received a gift from Sif Muna
 11184 | D:8      | Identified Sif Muna's Handbook of Fiery Confrontation (Sif Muna gifted it to you on level 8 of the Dungeon)
 11188 | D:8      | Learned a level 2 spell: Searing Ray
 11439 | D:8      | Found a staircase to the Lair.
 11784 | D:9      | Noticed Joseph
 11820 | D:9      | Killed Joseph
 11985 | D:9      | Found Enlateba's Assorted Antiques.
 12025 | D:9      | Paralysed by a giant eyeball for 2 turns
 12032 | D:9      | Paralysed by a giant eyeball for 3 turns
 12223 | D:9      | Reached skill level 9 in Air Magic
 13128 | D:9      | Got a shimmering dagger
 13129 | D:9      | Identified the cursed -1,+2 dagger "Asobocso" {drain, rC++} (You found it on level 9 of the Dungeon)
 13144 | D:9      | Received a gift from Sif Muna
 13159 | D:9      | Identified Sif Muna's Incunabulum of Attacks and Lightness (Sif Muna gifted it to you on level 9 of the Dungeon)
 13167 | D:9      | Reached skill level 1 in Poison Magic
 13318 | D:9      | Found Rapleocw's Weapon Emporium.
 13331 | D:10     | Entered Level 10 of the Dungeon
 13985 | D:10     | Noticed Nergalle
 14000 | D:10     | Killed Nergalle
 14000 | D:10     | Reached XP level 11. HP: 66/66 MP: 23/23
 14219 | D:10     | Noticed a hill giant
 14229 | D:10     | Killed a hill giant
 14229 | D:10     | Reached skill level 10 in Air Magic
 14671 | D:11     | Noticed an unseen horror
 14683 | D:11     | Noticed a hill giant
 14694 | D:11     | Noticed a six-headed hydra
 14826 | D:12     | Paralysed by a giant eyeball for 4 turns
 15134 | D:12     | Got a faintly glowing diamond amulet
 15322 | D:12     | Noticed an unseen horror
 15333 | D:12     | Killed an unseen horror
 15573 | D:12     | Found Thawuuf's Book Emporium.
 15582 | D:12     | Bought the Grimoire of Poison and Ice for 560 gold pieces
 15588 | D:12     | Learned a level 4 spell: Olgreb's Toxic Radiance
 15591 | D:12     | Learned a level 2 spell: Cure Poison
 15622 | D:12     | Received a gift from Sif Muna
 15623 | D:12     | Identified Sif Muna's Grimoire of Attacks and Flight (Sif Muna gifted it to you on level 12 of the Dungeon)
 15779 | D:12     | Mangled by an orc warrior

Action                   |  1- 3 |  4- 6 |  7- 9 | 10-12 || total
-------------------------+-------+-------+-------+-------++-------
Melee: Unarmed           |     2 |       |       |       ||     2
       Dagger            |    13 |       |       |       ||    13
       Short sword       |     9 |    80 |    17 |       ||   106
       Staff             |       |     1 |    25 |    50 ||    76
 Cast: Magic Dart        |   109 |   237 |   396 |   340 ||  1082
       Conjure Flame     |     1 |     7 |    53 |    84 ||   145
       Mephitic Cloud    |       |     5 |    18 |    29 ||    52
       Searing Ray       |       |       |       |    40 ||    40
       Blink             |       |       |       |     4 ||     4
       Olgreb's Toxic Ra |       |       |       |     2 ||     2
Invok: Channel Energy    |       |       |    60 |    68 ||   128
Evoke: Wand              |       |       |     1 |     1 ||     2
  Use: Potion            |     7 |     3 |     3 |     3 ||    16
       Scroll            |       |     7 |     5 |     7 ||    19
 Stab: Sleeping          |     1 |       |       |       ||     1
       Invisible         |       |     5 |       |       ||     5
       Confused          |       |     1 |     1 |       ||     2
